 Dungeon Crawl Stone Soup version 0.27.1-33-g824d729ab1 (webtiles) character file.

Game seed: 9874257615803519303

380 belegose the Grasshopper (level 6, -3/51 HPs)
             Began as a Gnoll Warper on Dec 9, 2021.
             Succumbed to an orc warrior's poison
             ... on level 3 of the Dungeon.
             The game lasted 00:06:52 (3313 turns).

belegose the Grasshopper (Gnoll Warper)             Turns: 3313, Time: 00:06:52

Health: -3/51      AC:  4    Str: 12    XL:     6   Next: 75%
Magic:  14/14      EV: 13    Int: 12    God:
Gold:   128        SH:  0    Dex: 12    Spells: 15/15 levels left

rFire    . . .     SeeInvis .   t - +0 glaive (venom)
rCold    . . .     Faith    .   (shield currently unavailable)
rNeg     . . .     Spirit   .   q - +0 leather armour
rPois    .         Reflect  .   o - +0 helmet
rElec    .         Harm     .   (no cloak)
rCorr    .         Rampage  .   (no gloves)
Will     .....                  (no boots)
Stlth    ++........             (no amulet)
HPRegen  0.17/turn              (no ring)
MPRegen  0.14/turn              (no ring)

@: lethally poisoned (-3 -> -28), hasted, very quick
A: fangs 1, strong nose, distributed training
a: no special abilities


You were on level 3 of the Dungeon.
You visited 1 branch of the dungeon, and saw 4 of its levels.

You collected 150 gold pieces.
You spent 22 gold pieces at shops.

Inventory:

Hand Weapons
 a - a +0 falchion
 b - a +2 hunting sling of freezing
 t - a +0 glaive of venom (weapon)
Missiles
 d - 5 boomerangs of dispersal
 i - 124 stones (quivered)
 j - 11 poisoned darts
Armour
 o - a +0 helmet (worn)
 q - a +0 leather armour (worn)
Wands
 s - a wand of acid (3)
Scrolls
 c - 2 scrolls of blinking
 e - a scroll of enchant armour {unknown}
 f - a scroll of silence {unknown}
 l - 3 scrolls of teleportation
 m - a scroll of magic mapping {unknown}
 r - a scroll of fear {unknown}
Potions
 g - a potion of magic
 h - a potion of lignification
 k - a potion of mutation


   Skills:
 + Level 5.0 Fighting
 + Level 2.1 Short Blades
 + Level 5.0 Long Blades
 + Level 2.1 Axes
 + Level 2.1 Maces & Flails
 + Level 2.1 Polearms
 + Level 2.1 Staves
 + Level 2.1 Slings
 + Level 2.1 Bows
 + Level 2.1 Crossbows
 + Level 3.3 Throwing
 + Level 3.3 Armour
 + Level 5.0 Dodging
 + Level 2.1 Stealth
 + Level 2.1 Shields
 + Level 2.1 Unarmed Combat
 + Level 5.4 Spellcasting
 + Level 1.6 Conjurations
 + Level 1.6 Hexes
 + Level 1.6 Summonings
 + Level 1.6 Necromancy
 + Level 5.7 Translocations
 + Level 1.6 Transmutations
 + Level 1.6 Fire Magic
 + Level 1.6 Ice Magic
 + Level 1.6 Air Magic
 + Level 1.6 Earth Magic
 + Level 1.6 Poison Magic
 + Level 2.3 Invocations
 + Level 2.1 Evocations


You had 15 spell levels left.
You didn't know any spells.
Your spell library contained the following spells:

 Spells                   Type           Power      Damage    Failure   Level
 Apportation              Tloc           34%        N/A       2%          1
 Blink                    Tloc           N/A        N/A       3%          2
 Gell's Gravitas          Tloc           8%         N/A       7%          3
 Lesser Beckoning         Tloc           8%         N/A       7%          3
 Teleport Other           Tloc           17%        N/A       7%          3
 Manifold Assault         Tloc           17%        N/A       54%         5
 Alistair's Intoxication  Tmut/Pois      4%         N/A       98%         5
 Invisibility             Hex            3%         N/A       100%        6


Dungeon Overview and Level Annotations

Branches:
Dungeon (4/15)
 Temple: D:4-7

Altars:

Shops:
D:2 =[:*


Innate Abilities, Weirdness & Mutations

You have very sharp teeth.
Your uncanny sense of smell can sniff out nearby items.
Your experience applies equally to all skills.


Message History

You barely resist.
You climb upwards.
There is a stone staircase leading down here.
The orc hits you with a +0 dagger.
You reach to attack!
You slash the orc!
You kill the orc!
You hit the orc warrior but do no damage.
The orc warrior hits you with a +0 short sword of venom!
The orc warrior closely misses you.
You hit the orc warrior.
The orc warrior is lightly wounded.
The orc warrior barely misses you.
You hit the orc warrior but do no damage.
The orc warrior is poisoned.
The orc warrior is lightly wounded.
The orc warrior hits you with a +0 short sword of venom.
You are poisoned.
The orc warrior hits you with a +0 short sword of venom!
* * * LOW HITPOINT WARNING * * *
You are lethally poisoned!
* * * LOW HITPOINT WARNING * * *
You feel extremely sick.
It was a potion of curing.
You feel better.
The orc warrior hits you with a +0 short sword of venom.
* * * LOW HITPOINT WARNING * * *
You are lethally poisoned!
You feel better.
The orc warrior hits you with a +0 short sword of venom!
* * * LOW HITPOINT WARNING * * *
You are lethally poisoned!
It was a potion of haste.
You feel yourself speed up.
* * * LOW HITPOINT WARNING * * *
You feel very sick.
The orc warrior hits you with a +0 short sword of venom.
* * * LOW HITPOINT WARNING * * *
You are more poisoned.
You hit the orc warrior.
The orc warrior looks as sick as possible!
The orc warrior is heavily wounded.
You die...

#. ###' #... #...
###############...
#.................
#.############.|..
#.##............#.
#@##....######..#.
#o##....# #..#.
#.##....# #..#.
#####)##....# #..#.
#.......#'### #..#.
#.###.....# #..#. #.#
#.....########..#.
#.###>................
#...[...............#.


You could see an orc warrior (extremely poisoned).

Vanquished Creatures
  Grinder (D:3)
  Blork the orc (D:3)
  A centaur zombie (D:3)
  A hound skeleton (D:4)
  An adder (D:2)
  A worm (D:2)
  3 dart slugs
  An orc (D:3)
  3 ball pythons
  5 bats
  2 endoplasms (D:1)
  5 giant cockroaches
  5 goblins
  4 hobgoblins
  4 kobolds
  4 quokkas
  2 rats (D:1)
44 creatures vanquished.

Notes
Turn   | Place    | Note
-------+----------+-------------------------------------------
     0 | D:1      | belegose the Gnoll Warper began the quest for the Orb.
     0 | D:1      | Reached XP level 1. HP: 20/20 MP: 6/6
   135 | D:1      | Reached XP level 2. HP: 10/26 MP: 7/7
   849 | D:1      | Reached XP level 3. HP: 31/31 MP: 9/9
   912 | D:1      | Reached skill level 5 in Spellcasting
  1448 | D:2      | Found Apnap's Book Shoppe.
  1564 | D:2      | Found Weoqerpho's General Store.
  1573 | D:2      | Bought a scroll of identify for 22 gold pieces
  1644 | D:2      | Reached skill level 1 in Invocations
  1870 | D:2      | Found Waoz's Antique Armour Shoppe.
  1883 | D:2      | Found Fagivelown's Jewellery Emporium.
  2147 | D:2      | Reached skill level 1 in Short Blades
  2147 | D:2      | Reached skill level 1 in Axes
  2147 | D:2      | Reached skill level 1 in Maces & Flails
  2147 | D:2      | Reached skill level 1 in Polearms
  2147 | D:2      | Reached skill level 1 in Staves
  2147 | D:2      | Reached skill level 1 in Slings
  2147 | D:2      | Reached skill level 1 in Bows
  2147 | D:2      | Reached skill level 1 in Crossbows
  2147 | D:2      | Reached skill level 1 in Stealth
  2147 | D:2      | Reached skill level 1 in Shields
  2147 | D:2      | Reached skill level 1 in Unarmed Combat
  2147 | D:2      | Reached skill level 1 in Evocations
  2175 | D:2      | Found a faded altar of an unknown god.
  2319 | D:3      | Reached XP level 4. HP: 38/38 MP: 11/11
  2529 | D:3      | Noticed Grinder
  2529 | D:3      | Paralysed by Grinder for 6 turns
  2553 | D:3      | Paralysed by Grinder for 6 turns
  2568 | D:3      | Paralysed by Grinder for 7 turns
  2579 | D:3      | Killed Grinder
  2580 | D:3      | Reached skill level 1 in Conjurations
  2580 | D:3      | Reached skill level 1 in Hexes
  2580 | D:3      | Reached skill level 1 in Summonings
  2580 | D:3      | Reached skill level 1 in Necromancy
  2580 | D:3      | Reached skill level 1 in Transmutations
  2580 | D:3      | Reached skill level 1 in Fire Magic
  2580 | D:3      | Reached skill level 1 in Ice Magic
  2580 | D:3      | Reached skill level 1 in Air Magic
  2580 | D:3      | Reached skill level 1 in Earth Magic
  2580 | D:3      | Reached skill level 1 in Poison Magic
  2580 | D:3      | Reached XP level 5. HP: 10/43 MP: 12/12
  2580 | D:3      | Reached XP level 6. HP: 12/50 MP: 13/13
  3016 | D:3      | Reached skill level 5 in Fighting
  3016 | D:3      | Reached skill level 5 in Long Blades
  3016 | D:3      | Reached skill level 5 in Dodging
  3173 | D:4      | Noticed an orc warrior
  3183 | D:4      | Noticed Blork the orc
  3188 | D:3      | Killed Blork the orc
  3313 | D:3      | Succumbed to an orc warrior's poison

Illustrated notes

Levels and vault maps discovered:
D:1:      minmay_arrival_glassed_features, layout_loops_cross,
          chequers_serial_rivers_micro_b
D:2:      layout_loops_ring, dreamdust_ecumenical_altar_hidden_monk_grotto,
          serial_shops, shop_statue, shop, nicolae_shop_waterfront, shop
D:3:      layout_basic, uniq_grinder
D:4:      layout_loops_cross, mainiacjoe_overflow_six_doors_small,
          ebering_ghost_rock_garden, chequers_serial_rivers_room_b,
          chequers_serial_rivers_small_b, uniq_blork_the_orc

Skill      XL: |  1  2  3  4  5  6 |
---------------+-------------------+-----
Spellcasting   | 5 |  5.4
Invocations    | 1 2 |  2.3
Short Blades   | 1 2 |  2.1
Axes           | 1 2 |  2.1
Maces & Flails | 1 2 |  2.1
Polearms       | 1 2 |  2.1
Staves         | 1 2 |  2.1
Slings         | 1 2 |  2.1
Bows           | 1 2 |  2.1
Crossbows      | 1 2 |  2.1
Stealth        | 1 2 |  2.1
Shields        | 1 2 |  2.1
Unarmed Combat | 1 2 |  2.1
Evocations     | 1 2 |  2.1
Throwing       | 3 |  3.3
Armour         | 3 |  3.3
Conjurations   | 1 |  1.6
Hexes          | 1 |  1.6
Summonings     | 1 |  1.6
Necromancy     | 1 |  1.6
Transmutations | 1 |  1.6
Fire Magic     | 1 |  1.6
Ice Magic      | 1 |  1.6
Air Magic      | 1 |  1.6
Earth Magic    | 1 |  1.6
Poison Magic   | 1 |  1.6
Fighting       | 5 |  5.0
Long Blades    | 5 |  5.0
Dodging        | 5 |  5.0
Translocations | |  5.7

Action                   |  1- 3 |  4- 6 || total
-------------------------+-------+-------++-------
Melee: Falchion          |   121 |    19 ||   140
       Bite              |     3 |     2 ||     5
       Glaive            |       |     5 ||     5
 Fire: Hunting sling     |    25 |    32 ||    57
Evoke: Wand              |       |     2 ||     2
  Use: Scroll            |     6 |       ||     6
       Potion            |       |     4 ||     4
 Stab: Sleeping          |     2 |       ||     2
Armor: Leather armour    |    45 |     7 ||    52
       Skin              |       |     7 ||     7
Dodge: Dodged            |    76 |    27 ||   103
       Rpst.: Falchion   |    20 |     2 ||    22
